 Dungeon Crawl Stone Soup version 0.29-a0-563-g64e4043184 (webtiles) character file.

Game seed: 16352113815084104218

332 spaghetti the Covert (level 6, 24/52 (53) HPs)
             Began as a Gnoll Delver on June 12, 2022.
             Quit the game on level 6 of the Dungeon.
             The game lasted 00:01:00 (691 turns).

spaghetti the Covert (Gnoll Delver)                  Turns: 691, Time: 00:01:01

HP:   24/52 (53)    AC:  3    Str: 11    XL:     6   Next: 52%
MP:   9/9           EV: 14    Int:  9    God:
Gold: 0             SH:  5    Dex: 16    Spells: 9/9 levels left

rFire   . . .      SeeInvis .   a - +0 short sword {short}
rCold   . . .      Faith    .   (no shield)
rNeg    . . .      Spirit   .   b - +0 leather armour
rPois   .          Reflect  +   (no helmet)
rElec   .          Harm     .   (no cloak)
rCorr   .          Rampage  .   (no gloves)
Will    .....                   (no boots)
Stlth   ++++......              h - amulet of reflection
HPRegen 0.17/turn               (no ring)
MPRegen 0.11/turn               (no ring)

@: hasted, lightly drained, very quick
A: fangs 1, strong nose, distributed training
a: no special abilities


You were on level 6 of the Dungeon.
You visited 1 branch of the dungeon, and saw 2 of its levels.


Innate Abilities, Weirdness & Mutations

You have very sharp teeth.
Your uncanny sense of smell can sniff out nearby items.
Your experience applies equally to all skills.


   Skills:
 + Level 6.8 Fighting
 + Level 5.0 Short Blades
 + Level 2.0 Long Blades
 + Level 2.0 Axes
 + Level 2.0 Maces & Flails
 + Level 2.0 Polearms
 + Level 2.0 Staves
 + Level 2.0 Slings
 + Level 2.0 Bows
 + Level 2.0 Crossbows
 + Level 2.0 Throwing
 + Level 2.0 Armour
 + Level 5.0 Dodging
 + Level 9.8 Stealth
 + Level 2.0 Shields
 + Level 2.0 Unarmed Combat
 + Level 2.0 Spellcasting
 + Level 1.5 Conjurations
 + Level 1.5 Hexes
 + Level 1.5 Summonings
 + Level 1.5 Necromancy
 + Level 1.5 Translocations
 + Level 1.5 Transmutations
 + Level 1.5 Fire Magic
 + Level 1.5 Ice Magic
 + Level 1.5 Air Magic
 + Level 1.5 Earth Magic
 + Level 1.5 Poison Magic
 + Level 2.2 Invocations
 + Level 2.0 Evocations


You had 9 spell levels left.
You didn't know any spells.
Your spell library was empty.

Inventory:

Hand Weapons
 a - a +0 short sword (weapon) {short}
Missiles
 i - 22 stones {throwing}
 j - 10 poisoned darts (quivered) {throwing}
Armour
 b - a +0 leather armour (worn)
Jewellery
 h - an amulet of reflection (around neck)
   (You found it on level 6 of the Dungeon)
Wands
 g - a wand of digging (3)
Scrolls
 c - a scroll of fog
 d - 2 scrolls of magic mapping {!r}
 e - a scroll of fear

Dungeon Overview and Level Annotations

Branches:
Dungeon (6/15)
 Temple: D:4-7

Altars:

###.######.#...#
##.#...........###
......####........
.............# #..
...#..####.#.###.##### #
.................#...#..
.#...#####..#.##.......#
.......# #..#.##D......#
##...#.###..#.##@S....)#
...#....##>....ยง.5.....#
#######........ยง#.g....#
. .#....###..##.##.....#
# .#....##...##.# #....#
.#.#..##.#.##.# .#.##
##...#..##.#.##.. #...
#.......##.#..... ##
#.#........####...


You could see a steam dragon (catching breath), a gnoll, an adder and an
ufetubus.


Message History

You hit the bullfrog. The bullfrog hits you.
You block the orc's attack. ๐Ÿ˜• HP[-4]
You take 4 damage, and now have 39/49 hp.
You puncture the bullfrog! The bullfrog hits you. You block the orc's attack.
The bullfrog hits you. ๐Ÿ˜ฎ HP[-8]
You take 8 damage, and now have 31/49 hp.
You barely miss the bullfrog.
The orc hits you from afar with a +0 trident.
The bullfrog closely misses you. ๐Ÿ˜ฎ HP[-2]
You take 2 damage, and now have 29/49 hp.
You hit the bullfrog.
You kill the bullfrog!
The orc hits you but does no damage.
Your Short Blades skill increases to level 5!
Your Long Blades skill increases to level 2!
Your Axes skill increases to level 2!
Your Maces & Flails skill increases to level 2!
Your Polearms skill increases to level 2!
Your Staves skill increases to level 2!
Your Slings skill increases to level 2!
Your Bows skill increases to level 2!
Your Crossbows skill increases to level 2!
Your Throwing skill increases to level 2!
Your Armour skill increases to level 2!
Your Dodging skill increases to level 5!
Your Shields skill increases to level 2!
Your Unarmed Combat skill increases to level 2!
Your Spellcasting skill increases to level 2!
Your Evocations skill increases to level 2!
You now have 52 max hp (+3).
The orc barely misses you.
Things that are here:
a +0 club {mace}; an orc corpse; ๐Ÿ˜ฎ HP[+1]
You hit the orc. You hit the orc but do no damage. The orc barely misses you.
You hit the orc.
You kill the orc!
Things that are here:
a +0 trident {polearm}; a +0 leather armour Key pressed, stopping explore.
Key pressed, stopping explore.
Things that are here:
a +0 trident {polearm}; a +0 leather armour Key pressed, stopping explore.
You see here a +0 trident {polearm}.
i - 22 stones {throwing} You see here a +0 trident {polearm}.
Things that are here:
a +0 club {mace}; an orc corpse
j - 10 poisoned darts {throwing} (gained 5) ๐Ÿ˜Ž HP[+22] MP[+1]
Your hp is fully restored (52).
Your mp is fully restored (9).
Unknown command.
No target in view!
Key pressed, stopping explore.
d - 2 scrolls of magic mapping {!r} (gained 1)
Found a stone staircase leading down and a stone staircase leading up.
Found a stone staircase leading down.
No target in view!
Throw: 10 darts (poison) {throwing}
Press: ? - help, Q - select action, (/) - cycle Shift-Dir - straight line, f - you
Okay, then.
Okay, then.
There is a stone staircase leading down here.
There is a stone staircase leading down here.
A steam dragon comes into view.
A steam dragon is nearby!
A steam dragon is nearby!
A steam dragon is nearby!
An adder comes into view.
A gnoll comes into view. It is wielding a +0 spear.
An ufetubus comes into view.
The gnoll shouts!
You hit the ufetubus but do no damage. The ufetubus barely misses you.
The ufetubus misses you.
You hit the ufetubus.
You bite the ufetubus, but do no damage.
The ufetubus misses you. x2; You block the gnoll's attack.
The steam dragon breathes steam at you. The ball of steam hits you!!
Ouch! That really hurt!
* * * LOW HITPOINT WARNING * * *
The ufetubus completely misses you. x2
You hear a bark!
Unknown command. ๐Ÿ˜จ HP[-26]
You take 26 damage, and now have 26/52 hp.
MASSIVE DAMAGE!! (PAUSE)
You feel yourself speed up.
You are engulfed in a cloud of scalding steam.
* * * LOW HITPOINT WARNING * * *
The ufetubus hits you but does no damage.
You block the ufetubus's attack. You block the gnoll's attack.
The adder bites you but does no damage. ๐Ÿ˜จ HP[-2]
You take 2 damage, and now have 24/52 hp.
Unknown command.
Unknown command.
Are you sure you want to abandon this character and quit the game? (Confirm with "yes".)

Skill      XL: |  1  2  3  4  5  6 |
---------------+-------------------+-----
Stealth        | |  9.8
Long Blades    | 1 2 |  2.0
Axes           | 1 2 |  2.0
Maces & Flails | 1 2 |  2.0
Polearms       | 1 2 |  2.0
Staves         | 1 2 |  2.0
Slings         | 1 2 |  2.0
Bows           | 1 2 |  2.0
Crossbows      | 1 2 |  2.0
Throwing       | 1 2 |  2.0
Armour         | 1 2 |  2.0
Shields        | 1 2 |  2.0
Unarmed Combat | 1 2 |  2.0
Spellcasting   | 1 2 |  2.0
Conjurations   | 1 |  1.5
Hexes          | 1 |  1.5
Summonings     | 1 |  1.5
Necromancy     | 1 |  1.5
Translocations | 1 |  1.5
Transmutations | 1 |  1.5
Fire Magic     | 1 |  1.5
Ice Magic      | 1 |  1.5
Air Magic      | 1 |  1.5
Earth Magic    | 1 |  1.5
Poison Magic   | 1 |  1.5
Invocations    | 1 2 |  2.2
Evocations     | 1 2 |  2.0
Short Blades   | 5 |  5.0
Dodging        | 5 |  5.0
Fighting       | |  6.8

Action                   |  1- 3 |  4- 6 || total
-------------------------+-------+-------++-------
Melee: Short sword       |     9 |    31 ||    40
       Bite              |       |     4 ||     4
       Punch             |       |     2 ||     2
  Use: Scroll            |       |     1 ||     1
       Potion            |       |     1 ||     1
 Stab: Sleeping          |     1 |     2 ||     3
Armor: Leather armour    |     1 |     7 ||     8
Dodge: Dodged            |    11 |    27 ||    38
Block: Other             |     1 |     8 ||     9

Levels and vault maps discovered:
D:5:      layout_loops_ring, uniq_menkaure, uniq_prince_ribbit1
D:6:      layout_loops_ring, nemelex_spade_bored_becter

Notes
Turn   | Place    | Note
-------+----------+-------------------------------------------
     0 | D:5      | Reached skill level 9 in Stealth
     0 | D:5      | spaghetti the Gnoll Delver began the quest for the Orb.
     0 | D:5      | Reached XP level 1. HP: 23/23 MP: 1/1
     0 | D:5      | magus.rc [v1.9.6]
   253 | D:5      | Noticed Prince Ribbit
   256 | D:5      | Noticed a necrophage
   260 | D:5      | Killed Prince Ribbit
   261 | D:5      | Reached skill level 1 in Long Blades
   261 | D:5      | Reached skill level 1 in Axes
   261 | D:5      | Reached skill level 1 in Maces & Flails
   261 | D:5      | Reached skill level 1 in Polearms
   261 | D:5      | Reached skill level 1 in Staves
   261 | D:5      | Reached skill level 1 in Slings
   261 | D:5      | Reached skill level 1 in Bows
   261 | D:5      | Reached skill level 1 in Crossbows
   261 | D:5      | Reached skill level 1 in Throwing
   261 | D:5      | Reached skill level 1 in Armour
   261 | D:5      | Reached skill level 1 in Shields
   261 | D:5      | Reached skill level 1 in Unarmed Combat
   261 | D:5      | Reached skill level 1 in Spellcasting
   261 | D:5      | Reached skill level 1 in Conjurations
   261 | D:5      | Reached skill level 1 in Hexes
   261 | D:5      | Reached skill level 1 in Summonings
   261 | D:5      | Reached skill level 1 in Necromancy
   261 | D:5      | Reached skill level 1 in Translocations
   261 | D:5      | Reached skill level 1 in Transmutations
   261 | D:5      | Reached skill level 1 in Fire Magic
   261 | D:5      | Reached skill level 1 in Ice Magic
   261 | D:5      | Reached skill level 1 in Air Magic
   261 | D:5      | Reached skill level 1 in Earth Magic
   261 | D:5      | Reached skill level 1 in Poison Magic
   261 | D:5      | Reached skill level 1 in Invocations
   261 | D:5      | Reached skill level 1 in Evocations
   261 | D:5      | Reached XP level 2. HP: 29/29 MP: 1/4
   261 | D:5      | Reached XP level 3. HP: 35/35 MP: 1/5
   261 | D:5      | Reached XP level 4. HP: 41/41 MP: 1/6
   261 | D:5      | Reached XP level 5. HP: 47/47 MP: 1/7
   310 | D:6      | Reached skill level 2 in Invocations
   310 | D:6      | Reached XP level 6. HP: 24/49 MP: 5/8
   490 | D:6      | Reached skill level 5 in Short Blades
   490 | D:6      | Reached skill level 2 in Long Blades
   490 | D:6      | Reached skill level 2 in Axes
   490 | D:6      | Reached skill level 2 in Maces & Flails
   490 | D:6      | Reached skill level 2 in Polearms
   490 | D:6      | Reached skill level 2 in Staves
   490 | D:6      | Reached skill level 2 in Slings
   490 | D:6      | Reached skill level 2 in Bows
   490 | D:6      | Reached skill level 2 in Crossbows
   490 | D:6      | Reached skill level 2 in Throwing
   490 | D:6      | Reached skill level 2 in Armour
   490 | D:6      | Reached skill level 5 in Dodging
   490 | D:6      | Reached skill level 2 in Shields
   490 | D:6      | Reached skill level 2 in Unarmed Combat
   490 | D:6      | Reached skill level 2 in Spellcasting
   490 | D:6      | Reached skill level 2 in Evocations
   683 | D:6      | Noticed a steam dragon
   691 | D:6      | Quit the game

Vanquished Creatures
  Prince Ribbit (D:5)
  A bullfrog (D:6)
  A necrophage (D:6)
  An ufetubus (D:6)
  4 orcs (D:6)
8 creatures vanquished.

Table legend:
 A = Non-vault XP
 B = Vault XP
 C = Vault XP percentage of total XP
 D = Non-vault monster count
 E = Vault monster count
 F = Vault count percentage of total count
                 A         B        C        D         E       F
            +---------+---------+-------+---------+---------+-------
      Total |     198 |     277 |  58.3 |       7 |       1 |  12.5
            +---------+---------+-------+---------+---------+-------
        D:5 |       0 |     277 | 100.0 |       0 |       1 | 100.0
        D:6 |     198 |       0 |   0.0 |       7 |       0 |   0.0
            +---------+---------+-------+---------+---------+-------

Illustrated notes

Table legend:
 A = Kills in this place as a percentage of kills in entire the game.
 B = Kills by you in this place as a percentage of kills by you in the entire game.
 C = Kills by friends in this place as a percentage of kills by friends in the entire game.
 D = Other kills in this place as a percentage of other kills in the entire game.
 E = Experience gained in this place as a percentage of experience gained in the entire game.
 F = Experience gained in this place divided by the number of levels of this place that you have seen.
                   A       B       C       D       E      F
               +-------+-------+-------+-------+-------+----------------------
         Total | 100.0 | 100.0 |   N/A |   N/A | 100.0 | 237.5
       Dungeon | 100.0 | 100.0 |   N/A |   N/A | 100.0 | 237.5
               +-------+-------+-------+-------+-------+----------------------

Table legend: (Time is in decaauts)
 A = Elapsed time spent in this place.
 B = Non-inter-level travel time spent in this place.
 C = Inter-level travel time spent in this place.
 D = Time resting spent in this place.
 E = Time spent auto-exploring this place.
 F = Levels seen in this place.
 G = Mean time per level.
                   A        B        C        D        E       F      G
               +--------+--------+--------+--------+--------+-----+--------+
         Total |    686 |    683 |      3 |    211 |    359 |   2 |  343.0 |
       Dungeon |    686 |    683 |      3 |    211 |    359 |   2 |  343.0 |
               +--------+--------+--------+--------+--------+-----+--------+

Top non-repeatable levels by time:
     D:6: 635 daAuts
     D:5: 51 daAuts
